 Dungeon Crawl Stone Soup version 0.23-a0-49-gd9f7a49668 (webtiles) character file.

54 Htamos the Ducker (level 3, 0/18 HPs)
             Began as a Felid Fighter on Aug 7, 2018.
             Slain by Sigmund
             ... wielding a +3 scythe of slicing
              (11 damage)
             ... on level 2 of the Dungeon.
             The game lasted 00:02:12 (2574 turns).

Htamos the Ducker (Felid Fighter)                   Turns: 2574, Time: 00:02:12

Health: 0/18       AC:  1    Str: 13    XL:     3   Next: 66%
Magic:  4/4        EV: 20    Int:  9    God:
Gold:   82         SH:  0    Dex: 15    Spells: 2/2 levels left
                                        Lives:  0   Deaths: 1

rFire    . . .     SeeInvis +     - Unarmed
rCold    . . .     Gourm    .   (shield unavailable)
rNeg     . . .     Faith    .   (armour unavailable)
rPois    .         Spirit   .   (helmet unavailable)
rElec    .         Reflect  .   (cloak unavailable)
rCorr    .         Harm     .   (gloves unavailable)
MR       .....                  (boots unavailable)
Stlth    ++........             (no amulet)
HPRegen  0.06/turn              (no ring)
MPRegen  0.09/turn              (no ring)

@: quick
A: very small, no armour, no weapons or thrown items, stealth, claws 1, fangs 3,
see invisible, carnivore, speed 1, shaggy fur 1, slow metabolism 1, sharp paws
a: no special abilities


You were on level 2 of the Dungeon.
You were not hungry.

You visited 1 branch of the dungeon, and saw 2 of its levels.

You collected 82 gold pieces.

Inventory:

Scrolls
 a - a scroll of enchant weapon {unknown}
 e - 4 scrolls of identify {unknown}
 f - 3 scrolls of enchant armour {unknown}
 g - a scroll of remove curse {unknown}
 h - a scroll of random uselessness {unknown}
 k - 3 scrolls of teleportation {unknown}
Potions
 c - a potion of heal wounds {unknown}
 d - a potion of haste {unknown}
 i - a potion of berserk rage {unknown}
 j - a potion of curing {unknown}
Comestibles
 b - 9 rations


   Skills:
 * Level 4.0 Fighting
 + Level 4.7 Dodging
 + Level 2.3 Stealth
 + Level 4.4 Unarmed Combat


You had 2 spell levels left.
You didn't know any spells.
Your spell library was empty.

Dungeon Overview and Level Annotations

Branches:
Dungeon (2/15)

Altars:

Annotations:
D:2 Sigmund


Innate Abilities, Weirdness & Mutations

You cannot wear armour.
You are incapable of wielding weapons or throwing items.
Your paws allow you to move quietly. (Stealth)
You have sharp claws.
You have razor-sharp teeth.
You have supernaturally acute eyesight. (SInv)
You are carnivorous and can eat meat at any time.
You cover ground quickly.
You are covered in fur. (AC +1)
You have a slow metabolism.
Your sharp claws are effective at attacking unaware monsters.


Message History

Sigmund closely misses you.
You barely miss Sigmund. Your bite misses Sigmund.
Sigmund is moderately wounded.
You scratch Sigmund.
Sigmund is moderately wounded.
Sigmund barely misses you.
You closely miss Sigmund. Your claw misses Sigmund. Your bite misses Sigmund.
Sigmund is moderately wounded.
You completely miss Sigmund.
Sigmund is moderately wounded.
Sigmund barely misses you.
You scratch Sigmund. You bite Sigmund, but do no damage.
Sigmund is moderately wounded.
Sigmund points at you and mumbles some strange words.
The magic dart hits you!
You scratch Sigmund.
Sigmund is heavily wounded.
Sigmund hits you with a +3 scythe of slicing!
Ouch! That really hurt!
You die...

#.#.# #......#...#
#.#.# #......##..#
#.#.####......##..#
#.#.#....<###.##..#
#.#.#.#######.##..#
#.#.#.........##..#
#.#.#..#########..#
#.#...............#
#.#############@..#
#.............@...#
###############...#
#.#.##### #.#>....#
#.#.###.#
########.#.#.#...#
........#.#.#.###
###.@.....#.#.#.#


You could see Sigmund.

Vanquished Creatures
  6 gnolls (D:2)
  An ooze (D:1)
  3 dart slugs (D:1)
  3 bats (D:1)
  A frilled lizard (D:1)
  6 goblins
  7 kobolds
  5 rats
32 creatures vanquished.

Notes
Turn   | Place    | Note
-------+----------+-------------------------------------------
     0 | D:1      | Htamos the Felid Fighter began the quest for the Orb.
     0 | D:1      | Reached XP level 1. HP: 10/10 MP: 2/2
   653 | D:1      | Reached XP level 2. HP: 14/14 MP: 3/3
   780 | D:1      | Reached skill level 1 in Stealth
  1517 | D:2      | Reached XP level 3. HP: 12/17 MP: 4/4
  1855 | D:2      | Reached XP level 4. HP: 18/22 MP: 5/5
  2027 | D:2      | Noticed Sigmund
  2031 | D:2      | Slain by Sigmund
  2032 | D:2      | Reached XP level 3. HP: -1/18 MP: 4/4
  2574 | D:2      | Slain by Sigmund

Vault maps used:
D:1:      dpeg_arrival_fog, dk_noncrumbling_4, roderic_serpentine_path
D:2:      first_ration, uniq_sigmund

Skill      XL: |  1  2  3 |
---------------+----------+-----
Stealth        | 1 2 |  2.3
Fighting       | 4 |  4.0
Dodging        | |  4.7
Unarmed Combat | |  4.4

Action                   |  1- 3 |  4- 6 || total
-------------------------+-------+-------++-------
Melee: Unarmed           |    86 |     4 ||    90
       Bite              |    12 |       ||    12
       Punch             |     1 |       ||     1
  Use: Potion            |     1 |       ||     1
 Stab: Sleeping          |     3 |       ||     3
       Distracted        |     1 |       ||     1
  Eat: Chunk             |    11 |       ||    11
Armor: Skin              |     6 |       ||     6
Dodge: Dodged            |    60 |     3 ||    63

Table legend:
 A = Spawn XP
 B = Non-spawn XP
 C = Spawn XP percentage of total XP
 D = Spawn monster count
 E = Non-spawn monster count
 F = Spawn count percentage of total count
 G = Total turns spent on level
                    A         B        C        D         E        F      G
               +---------+---------+-------+---------+---------+-------+---------
         Total |       0 |     135 |   0.0 |       0 |      32 |   0.0 |  2574
               +---------+---------+-------+---------+---------+-------+---------
           D:1 |       0 |      36 |   0.0 |       0 |      17 |   0.0 |  1388
           D:2 |       0 |      99 |   0.0 |       0 |      15 |   0.0 |  1186
               +---------+---------+-------+---------+---------+-------+---------
